 Dungeon Crawl Stone Soup version 0.27.1 (webtiles) character file.

Game seed: 11865322325015446166

45 Malachi the Twirler (level 3, -2/28 HPs)
             Began as a Demonspawn Gladiator on Aug 24, 2021.
             Frozen to death by an endoplasm (4 damage)
             ... on level 1 of the Dungeon.
             The game lasted 00:01:18 (1378 turns).

Malachi the Twirler (Demonspawn Gladiator)          Turns: 1378, Time: 00:01:19

Health: -2/28      AC:  3    Str: 14    XL:     3   Next: 42%
Magic:  2/2        EV: 13    Int:  9    God:
Gold:   65         SH:  0    Dex: 17    Spells: 2/2 levels left

rFire    . . .     SeeInvis .   f - +0 dagger
rCold    . . .     Faith    .   (no shield)
rNeg     . . .     Spirit   .   b - +0 leather armour
rPois    .         Reflect  .   (helmet restricted)
rElec    .         Harm     .   (no cloak)
rCorr    .         Rampage  .   (no gloves)
Will     .....                  (no boots)
Stlth    +++.......             (no amulet)
HPRegen  0.09/turn              (no ring)
MPRegen  0.08/turn              (no ring)

@: unable to read
A: thin skeletal structure 1, horns 1, low mp 1, inability to read while
threatened, sturdy frame 1
a: no special abilities


You were on level 1 of the Dungeon.
You visited 1 branch of the dungeon, and saw 1 of its levels.

You collected 65 gold pieces.

Inventory:

Hand Weapons
 a - a +0 quarterstaff
 f - a +0 dagger (weapon)
Missiles
 d - 3 throwing nets (quivered)
Armour
 b - a +0 leather armour (worn)
 c - a +1 helmet
Scrolls
 e - a scroll of teleportation


   Skills:
 + Level 2.3 Fighting
 + Level 0.1 Short Blades
 + Level 3.2 Staves
 + Level 2.0 Throwing
 + Level 0.8 Armour
 + Level 3.0 Dodging
 + Level 0.1 Stealth


You had 2 spell levels left.
You didn't know any spells.
Your spell library was empty.

Dungeon Overview and Level Annotations

Branches:
Dungeon (1/15)

Altars:


Innate Abilities, Weirdness & Mutations

You have a somewhat thin skeletal structure. (Dex +2, Stealth+)
You have a pair of small horns on your head.
Your magical capacity is low. (-10% MP)
You sometimes lose the ability to read scrolls when taking damage.
Your movements are slightly less encumbered by armour. (ER -2)


Message History

The gnoll barely misses you.
You hit the gnoll. You headbutt the gnoll.
The gnoll is severely wounded.
The gnoll hits you with a +0 club.
You feel threatened and lose the ability to read scrolls!
* * * LOW HITPOINT WARNING * * *
You hit the gnoll.
You headbutt the gnoll, but do no damage.
The gnoll is almost dead.
The gnoll barely misses you.
You hit the gnoll.
You kill the gnoll!
You can read scrolls again.
Your Dodging skill increases to level 3!
You closely miss the ball python.
The ball python is moderately wounded.
The ball python closely misses you. The ball python grabs you.
The ball python constricts you.
* * * LOW HITPOINT WARNING * * *
You hit the ball python. You headbutt the ball python.
You kill the ball python!
You hit the endoplasm.
The endoplasm is heavily wounded.
The endoplasm hits you.
You feel threatened and lose the ability to read scrolls!
* * * LOW HITPOINT WARNING * * *
You barely miss the endoplasm.
The endoplasm is heavily wounded.
You can read scrolls again.
The endoplasm hits you but does no damage.
You hit the endoplasm but do no damage.
The endoplasm is heavily wounded.
The endoplasm hits you.
* * * LOW HITPOINT WARNING * * *
You barely miss the endoplasm.
The endoplasm is heavily wounded.
The endoplasm freezes you.
You are frozen.
You feel threatened and lose the ability to read scrolls!
You die...

## ... #######
.... ##....)###
..>.####........#
......#.......#.#
####
....#.........#.#
#>.####
.........K..K.#..
##.....
........####J##.##
#.....# ......†.#
##@##.# #.....#
..##....###..##.#
#......
#....##...##.#
#.....#
......##.8.'..#
#......
...##..##...##.#
#.....( ≈.#.
...###..##.#
#...... .≈. ...#
##.##.# #......
####.# #####.....#
####.# #...#.###.#


You could see an endoplasm and a kobold.

Vanquished Creatures
  A gnoll (D:1)
  A bat (D:1)
  4 endoplasms (D:1)
  A giant cockroach (D:1)
  4 goblins (D:1)
  A hobgoblin (D:1)
  4 jackals (D:1)
  2 kobolds (D:1)
  3 quokkas (D:1)
  5 ball pythons (D:1)
  A frilled lizard (D:1)
  A rat (D:1)
28 creatures vanquished.

Notes
Turn   | Place    | Note
-------+----------+-------------------------------------------
     0 | D:1      | Malachi the Demonspawn Gladiator began the quest for the
                  | Orb.
     0 | D:1      | Reached XP level 1. HP: 16/16 MP: 1/1
   142 | D:1      | Gained mutation: You have a somewhat thin skeletal
                  | structure. (Dex +2, Stealth+) [demonic ancestry]
   142 | D:1      | Reached XP level 2. HP: 19/22 MP: 2/2
  1252 | D:1      | Reached XP level 3. HP: 26/27 MP: 3/3
  1267 | D:1      | Gained mutation: You have a pair of small horns on your
                  | head. [potion of mutation]
  1267 | D:1      | Gained mutation: Your magical capacity is low. (-10% MP)
                  | [potion of mutation]
  1267 | D:1      | Gained mutation: You sometimes lose the ability to read
                  | scrolls when taking damage. [potion of mutation]
  1267 | D:1      | Gained mutation: Your movements are slightly less
                  | encumbered by armour. (ER -2) [potion of mutation]
  1378 | D:1      | Frozen to death by an endoplasm

Illustrated notes

Levels and vault maps discovered:
D:1:      dpeg_arrival_renting, layout_rooms,
          shapermc_ecumenical_altar_starsandcircs, hangedman_decor_peaks_small

Skill      XL: |  1  2  3 |
---------------+----------+-----
Throwing       | 2 |  2.0
Staves         | 3 |  3.2
Dodging        | 3 |  3.0
Fighting       | |  2.3
Short Blades   | |  0.1
Armour         | |  0.8
Stealth        | |  0.1

Action                   || total
-------------------------++-------
Melee: Quarterstaff      ||    18
       Dagger            ||    85
       Headbutt          ||     8
  Use: Scroll            ||     3
       Potion            ||     1
 Stab: Sleeping          ||     3
Armor: Leather armour    ||    21
Dodge: Dodged            ||    62
